General information
- name: BNet
- type: Ladder team game (AT/RT)
- host: Battle.net
- saver: TheSunNeverSets
map: FullScaleAssault
- players: 8
- length: 88:33
- speed: Fast
- version: 1.26 W3XP
- replay type: Public
» download(421 KB)
Players
team 1 (loser)
oLaDiPo- (
yellow | 78 APM | 2368 actions | 30:16)
4 Blademaster
2 Wind Walk
2 Critical Strike
4 Shadow Hunter
2 Healing Wave
2 Hex
» actions
| Assign group hotkey | 14 | |
| Build / train | 70 | |
| Enter build submenu | 15 | |
| Enter hero's abilities submenu | 8 | |
| Give item / drop item | 1 | |
| Right click | 1574 | |
| Select / deselect | 391 | |
| Select group hotkey | 173 | |
| Use ability | 122 | |
2368 total
» units
| Peon | 23 | |
| Wind Rider | 13 | |
| Troll Batrider | 11 | |
47 total
» upgrades
| Ranged Weapons | 1 | |
| Armor | 1 | |
| Envenomed Spears | 1 | |
| Liquid Fire | 1 | |
4 total
» buildings
| Orc Burrow | 7 | |
| War Mill | 1 | |
| Altar of Storms | 1 | |
| Voodoo Lounge | 1 | |
| Stronghold | 1 | |
| Beastiary | 3 | |
| Great Hall | 2 | |
| Fortress | 1 | |
17 total
» build order
00:05 Orc Burrow
00:09 War Mill
00:43 Altar of Storms
01:44 Voodoo Lounge
02:37 Stronghold
03:09 Orc Burrow
04:42 Orc Burrow
04:43 Orc Burrow
05:34 Beastiary
05:36 Beastiary
05:39 Beastiary
08:55 Great Hall
09:29 Orc Burrow
10:17 Fortress
11:40 Orc Burrow
15:51 Orc Burrow
24:55 Great Hall
» items
| Healing Salve | 3 | |
| Lesser Clarity Potion | 2 | |
| Scroll of Town Portal | 1 | |
6 total

»
kingsolom (
teal | 29 APM | 1875 actions | 64:48)
4 Archmage
2 Blizzard
2 Brilliance Aura
5 Blood Mage
3 Flame Strike
2 Siphon Mana
» actions
| Build / train | 87 | |
| Enter build submenu | 28 | |
| Enter hero's abilities submenu | 10 | |
| Right click | 1186 | |
| Select / deselect | 489 | |
| Use ability | 75 | |
1875 total
» units
| Peasant | 33 | |
| Rifleman | 13 | |
| Sorceress | 4 | |
| Priest | 4 | |
| Spell Breaker | 3 | |
| Mortar Team | 4 | |
| Flying Machine | 1 | |
62 total
» upgrades
| Long Rifles | 1 | |
| Lumber Harvesting | 1 | |
| Magic Sentry | 1 | |
| Gunpowder | 1 | |
| Fragmentation Shards | 1 | |
5 total
» buildings
| Blacksmith | 1 | |
| Farm | 9 | |
| Altar of Kings | 1 | |
| Lumber Mill | 1 | |
| Barracks | 1 | |
| Arcane Vault | 1 | |
| Keep | 1 | |
| Town Hall | 3 | |
| Arcane Sanctum | 1 | |
| Workshop | 1 | |
| Scout Tower | 5 | |
| Arcane Tower | 2 | |
| Castle | 1 | |
| Guard Tower | 2 | |
| Great Hall | 1 | |
31 total
» build order
00:35 Blacksmith
00:37 Farm
00:51 Altar of Kings
01:11 Farm
01:55 Farm
02:07 Lumber Mill
02:13 Barracks
02:39 Farm
03:06 Arcane Vault
03:30 Farm
04:34 Farm
04:36 Keep
05:43 Farm
06:07 Town Hall
06:39 Farm
07:04 Arcane Sanctum
07:55 Workshop
11:47 Scout Tower
11:51 Scout Tower
12:03 Scout Tower
12:08 Scout Tower
12:18 Arcane Tower
12:25 Castle
12:29 Arcane Tower
12:31 Guard Tower
12:39 Guard Tower
15:07 Scout Tower
19:35 Farm
20:59 Town Hall
24:20 Town Hall
30:34 Great Hall
» items
| Lesser Clarity Potion | 1 | |
| Scroll of Regeneration | 1 | |
| Healing Salve | 1 | |
3 total
lIIlllIIIIll (
pink | 27 APM | 2361 actions | 88:31)
5 Blademaster
3 Wind Walk
2 Critical Strike
3 Far Seer
2 Chain Lighting
1 Far Sight
» actions
| Assign group hotkey | 39 | |
| Basic commands | 235 | |
| Build / train | 79 | |
| ESC pressed | 15 | |
| Enter build submenu | 30 | |
| Enter hero's abilities submenu | 9 | |
| Give item / drop item | 1 | |
| Right click | 812 | |
| Select / deselect | 513 | |
| Select group hotkey | 520 | |
| Use ability | 105 | |
2361 total
» units
» upgrades
| Melee Weapons | 3 | |
| Armor | 3 | |
| Shaman Training | 2 | |
| Pulverize | 1 | |
9 total
» buildings
| Altar of Storms | 1 | |
| Orc Burrow | 9 | |
| War Mill | 1 | |
| Voodoo Lounge | 2 | |
| Stronghold | 1 | |
| Fortress | 2 | |
| Spirit Lodge | 1 | |
| Tauren Totem | 2 | |
| Watch Tower | 8 | |
| Great Hall | 3 | |
30 total
» build order
00:27 Altar of Storms
00:33 Orc Burrow
01:10 War Mill
01:33 Voodoo Lounge
02:42 Stronghold
02:55 Orc Burrow
03:21 Orc Burrow
04:56 Orc Burrow
05:03 Fortress
05:03 Fortress
05:22 Spirit Lodge
07:39 Tauren Totem
07:40 Tauren Totem
07:49 Watch Tower
08:03 Watch Tower
08:04 Watch Tower
11:29 Orc Burrow
11:30 Orc Burrow
13:54 Orc Burrow
16:40 Great Hall
21:58 Voodoo Lounge
25:55 Watch Tower
25:58 Watch Tower
26:01 Watch Tower
27:26 Watch Tower
27:29 Watch Tower
29:47 Great Hall
30:52 Great Hall
40:45 Orc Burrow
40:55 Orc Burrow
» items
| Healing Salve | 7 | |
| Lesser Clarity Potion | 3 | |
| Orb of Lightning | 1 | |
| Scroll of Town Portal | 2 | |
| Scroll of Protection | 1 | |
14 total
IUsedToBeProoo (
blue | 28 APM | 2455 actions | 88:31)
6 Shadow Hunter
2 Serpent Ward
3 Healing Wave
1 Hex
» actions
| Assign group hotkey | 36 | |
| Basic commands | 1 | |
| Build / train | 76 | |
| ESC pressed | 13 | |
| Enter build submenu | 34 | |
| Enter hero's abilities submenu | 8 | |
| Give item / drop item | 1 | |
| Right click | 1125 | |
| Select / deselect | 330 | |
| Select group hotkey | 692 | |
| Use ability | 137 | |
2455 total
» units
| Peon | 15 | |
| Grunt | 14 | |
| Troll Batrider | 20 | |
| Goblin Zeppelin | 1 | |
50 total
» upgrades
| Armor | 3 | |
| Berserker Strength | 1 | |
| Melee Weapons | 1 | |
| Spiked Barricades | 1 | |
| Reinforced Defenses | 1 | |
| Liquid Fire | 1 | |
| Ranged Weapons | 2 | |
10 total
» buildings
| Altar of Storms | 1 | |
| Orc Burrow | 11 | |
| Barracks | 1 | |
| Voodoo Lounge | 1 | |
| War Mill | 1 | |
| Stronghold | 1 | |
| Watch Tower | 17 | |
| Fortress | 1 | |
| Beastiary | 3 | |
| Great Hall | 2 | |
39 total
» build order
00:05 Altar of Storms
00:09 Orc Burrow
00:56 Barracks
01:36 Orc Burrow
02:02 Orc Burrow
03:23 Voodoo Lounge
03:35 War Mill
04:01 Orc Burrow
05:02 Stronghold
09:30 Watch Tower
09:30 Watch Tower
09:32 Watch Tower
09:33 Watch Tower
09:36 Watch Tower
09:37 Watch Tower
09:38 Watch Tower
09:39 Watch Tower
16:03 Watch Tower
16:04 Watch Tower
16:07 Watch Tower
16:08 Watch Tower
16:09 Watch Tower
16:13 Watch Tower
16:14 Watch Tower
16:15 Watch Tower
16:16 Watch Tower
16:27 Orc Burrow
16:31 Orc Burrow
16:39 Fortress
21:58 Beastiary
22:04 Beastiary
22:08 Beastiary
24:02 Orc Burrow
24:05 Orc Burrow
24:10 Orc Burrow
33:10 Orc Burrow
38:29 Great Hall
38:56 Great Hall
39:15 Orc Burrow
» items
| Lesser Clarity Potion | 2 | |
| Healing Salve | 1 | |
| Tome of Retraining | 1 | |
4 total
team 2 (winner)
thunderdome (
orange | 56 APM | 2613 actions | 46:23)
6 Archmage
1 Summon Water Elemental
1 Brilliance Aura
3 Blizzard
1 Mass Teleport
6 Mountain King
3 Storm Bolt
1 Bash
1 Thunder Clap
1 Avatar
6 Paladin
2 Holy Light
2 Divine Shield
2 Devotion Aura
» actions
| Assign group hotkey | 15 | |
| Basic commands | 22 | |
| Build / train | 112 | |
| Enter build submenu | 38 | |
| Enter hero's abilities submenu | 18 | |
| Give item / drop item | 8 | |
| Right click | 853 | |
| Select / deselect | 876 | |
| Select group hotkey | 459 | |
| Use ability | 200 | |
2613 total
» units
| Peasant | 27 | |
| Footman | 6 | |
| Goblin Zeppelin | 1 | |
| Gryphon Rider | 6 | |
| Dragonhawk Rider | 4 | |
| Goblin Shredder | 1 | |
| Blue Dragon | 1 | |
| Siege Engine | 3 | |
| Wisp | 2 | |
51 total
» upgrades
| Lumber Harvesting | 2 | |
| Animal War Training | 1 | |
| Swords | 3 | |
| Armor | 3 | |
| Backpack | 1 | |
| Masonry | 3 | |
| Storm Hammers | 1 | |
| Cloud | 1 | |
| Barrage | 1 | |
16 total
» buildings
| Farm | 13 | |
| Altar of Kings | 1 | |
| Barracks | 1 | |
| Keep | 1 | |
| Lumber Mill | 1 | |
| Arcane Vault | 2 | |
| Scout Tower | 20 | |
| Town Hall | 2 | |
| Arcane Tower | 2 | |
| Castle | 1 | |
| Gryphon Aviary | 4 | |
| Blacksmith | 1 | |
| Guard Tower | 3 | |
| Workshop | 3 | |
55 total
» build order
00:16 Farm
00:20 Farm
00:24 Altar of Kings
00:59 Farm
01:08 Barracks
01:51 Farm
02:24 Keep
02:50 Lumber Mill
03:10 Farm
03:50 Arcane Vault
04:39 Scout Tower
05:01 Farm
05:14 Town Hall
05:21 Arcane Tower
05:52 Scout Tower
06:07 Farm
07:15 Castle
07:38 Arcane Tower
08:36 Farm
08:51 Gryphon Aviary
08:54 Gryphon Aviary
08:56 Gryphon Aviary
10:41 Town Hall
10:53 Blacksmith
11:10 Farm
11:11 Farm
11:36 Scout Tower
11:38 Scout Tower
11:38 Scout Tower
11:39 Scout Tower
12:05 Gryphon Aviary
12:36 Guard Tower
12:46 Scout Tower
12:46 Scout Tower
12:47 Scout Tower
12:48 Scout Tower
12:49 Scout Tower
12:49 Scout Tower
12:50 Scout Tower
12:51 Scout Tower
12:52 Scout Tower
16:28 Workshop
16:31 Workshop
16:34 Workshop
19:46 Arcane Vault
19:49 Guard Tower
22:19 Scout Tower
22:20 Scout Tower
22:21 Scout Tower
22:21 Scout Tower
22:22 Scout Tower
24:17 Farm
24:20 Farm
24:20 Farm
24:48 Guard Tower
» items
| Scroll of Regeneration | 3 | |
| Scroll of Town Portal | 4 | |
| Orb of Fire | 2 | |
| Orb of Lightning | 1 | |
| Scroll of Speed | 1 | |
| Potion of Healing | 3 | |
| Potion of Mana | 1 | |
15 total
Beefcurtains (
green | 96 APM | 3848 actions | 40:14)
5 Tauren Chieftain
3 Shockwave
2 Endurance Aura
5 Naga Sea Witch
3 Forked Lightning
2 Frost Arrows
4 Far Seer
2 Chain Lighting
2 Feral Spirit
» actions
| Assign group hotkey | 25 | |
| Basic commands | 116 | |
| Build / train | 136 | |
| ESC pressed | 3 | |
| Enter build submenu | 53 | |
| Enter hero's abilities submenu | 14 | |
| Give item / drop item | 10 | |
| Right click | 1072 | |
| Select / deselect | 717 | |
| Select group hotkey | 1428 | |
| Use ability | 274 | |
3848 total
» units
| Peon | 25 | |
| Goblin Zeppelin | 2 | |
| Shaman | 7 | |
| Raider | 7 | |
| Spirit Walker | 2 | |
| Troll Witch Doctor | 5 | |
| Goblin Shredder | 1 | |
| Wind Rider | 2 | |
| Goblin Sapper | 2 | |
| Blue Dragon | 1 | |
54 total
» upgrades
| Spiked Barricades | 2 | |
| Ranged Weapons | 2 | |
| Shaman Training | 2 | |
| Reinforced Defenses | 2 | |
| Liquid Fire | 1 | |
| Spirit Walker Training | 3 | |
| Witch Doctor Training | 2 | |
| Ensnare | 1 | |
| Pillage | 1 | |
16 total
» buildings
| Orc Burrow | 7 | |
| Altar of Storms | 1 | |
| War Mill | 1 | |
| Voodoo Lounge | 4 | |
| Watch Tower | 28 | |
| Great Hall | 3 | |
| Stronghold | 1 | |
| Fortress | 1 | |
| Spirit Lodge | 2 | |
| Beastiary | 2 | |
50 total
» build order
00:18 Orc Burrow
01:04 Altar of Storms
01:13 Orc Burrow
01:32 War Mill
02:10 Voodoo Lounge
02:46 Watch Tower
03:19 Watch Tower
03:51 Watch Tower
04:24 Great Hall
04:29 Great Hall
04:35 Watch Tower
06:24 Orc Burrow
06:39 Stronghold
07:28 Watch Tower
07:57 Watch Tower
07:57 Watch Tower
08:40 Watch Tower
09:02 Fortress
09:04 Spirit Lodge
09:05 Spirit Lodge
09:43 Watch Tower
10:32 Beastiary
10:34 Beastiary
11:15 Watch Tower
11:17 Watch Tower
12:19 Orc Burrow
12:22 Orc Burrow
13:33 Watch Tower
13:35 Watch Tower
13:35 Watch Tower
13:43 Watch Tower
14:26 Watch Tower
14:26 Watch Tower
14:48 Watch Tower
15:56 Great Hall
16:25 Watch Tower
16:25 Watch Tower
16:32 Watch Tower
16:53 Watch Tower
16:54 Watch Tower
17:15 Watch Tower
19:44 Voodoo Lounge
20:53 Orc Burrow
21:41 Watch Tower
23:05 Watch Tower
24:10 Watch Tower
26:01 Orc Burrow
27:59 Voodoo Lounge
29:07 Watch Tower
31:33 Voodoo Lounge
» items
| Healing Salve | 4 | |
| Scroll of Speed | 3 | |
| Lesser Clarity Potion | 14 | |
| Boots of Speed | 3 | |
| Periapt of Vitality | 2 | |
| Staff of Teleportation | 3 | |
| Potion of Invisibility | 2 | |
| Dust of Appearance | 1 | |
| Potion of Lesser Invulnerability | 1 | |
| Orb of Lightning | 1 | |
| Scroll of Town Portal | 7 | |
| Staff of Sanctuary | 2 | |
| Potion of Healing | 2 | |
45 total
TheSunNeverSets (
red | 41 APM | 3596 actions | 88:33)
6 Blood Mage
3 Flame Strike
2 Siphon Mana
1 Summon Phoenix
1 Mountain King
1 Bash
» actions
| Assign group hotkey | 70 | |
| Basic commands | 212 | |
| Build / train | 201 | |
| Enter build submenu | 99 | |
| Enter hero's abilities submenu | 7 | |
| Give item / drop item | 10 | |
| Remove unit from queue | 2 | |
| Right click | 1226 | |
| Select / deselect | 1029 | |
| Select group hotkey | 367 | |
| Use ability | 373 | |
3596 total
» units
| Peasant | 12 | |
| Footman | 4 | |
| Goblin Shredder | 3 | |
| Sorceress | 8 | |
| Goblin Zeppelin | 1 | |
| Mortar Team | 3 | |
| Flying Machine | 11 | |
| Blue Dragon | 6 | |
| Gryphon Rider | 4 | |
| Siege Engine | 13 | |
| Chimaera | 4 | |
| Troll Batrider | 33 | |
102 total
» upgrades
| Lumber Harvesting | 2 | |
| Masonry | 3 | |
| Sorceress Training | 1 | |
| Gunpowder | 6 | |
| Armor | 6 | |
| Fragmentation Shards | 1 | |
| Flak Cannons | 1 | |
| Magic Sentry | 1 | |
| Animal War Training | 1 | |
| Swords | 3 | |
| Barrage | 1 | |
| Flare | 1 | |
| Plating | 4 | |
| Storm Hammers | 1 | |
| Cloud | 1 | |
| Strength of the Wild | 1 | |
| Reinforced Hides | 1 | |
| Ranged Weapons | 1 | |
36 total
» buildings
| Altar of Kings | 1 | |
| Barracks | 1 | |
| Farm | 13 | |
| Scout Tower | 100 | |
| Arcane Tower | 1 | |
| Town Hall | 10 | |
| Keep | 1 | |
| Arcane Vault | 1 | |
| Lumber Mill | 1 | |
| Arcane Sanctum | 1 | |
| Blacksmith | 1 | |
| Guard Tower | 16 | |
| Castle | 1 | |
| Workshop | 2 | |
| Gryphon Aviary | 8 | |
| Tree of Ages | 1 | |
| Tree of Eternity | 1 | |
160 total
» build order
00:48 Altar of Kings
00:51 Barracks
00:55 Farm
01:04 Farm
01:07 Farm
01:56 Scout Tower
02:09 Farm
02:28 Arcane Tower
03:50 Town Hall
04:09 Keep
04:30 Arcane Vault
05:08 Lumber Mill
05:13 Scout Tower
05:14 Scout Tower
05:16 Scout Tower
06:21 Farm
06:31 Arcane Sanctum
06:55 Blacksmith
08:04 Guard Tower
08:45 Scout Tower
08:46 Scout Tower
08:47 Scout Tower
10:11 Guard Tower
10:27 Castle
10:30 Workshop
10:30 Workshop
15:00 Scout Tower
15:01 Scout Tower
15:01 Scout Tower
15:01 Scout Tower
15:03 Scout Tower
15:43 Scout Tower
15:44 Scout Tower
15:48 Scout Tower
16:34 Guard Tower
16:46 Farm
16:46 Farm
16:47 Farm
16:47 Farm
16:47 Farm
17:41 Scout Tower
17:42 Scout Tower
17:43 Scout Tower
17:43 Scout Tower
17:44 Scout Tower
17:44 Scout Tower
17:44 Scout Tower
17:45 Scout Tower
17:46 Scout Tower
17:46 Scout Tower
17:47 Scout Tower
17:47 Scout Tower
17:48 Scout Tower
17:49 Scout Tower
18:59 Guard Tower
19:03 Town Hall
19:31 Guard Tower
22:06 Scout Tower
22:06 Scout Tower
22:20 Scout Tower
22:22 Scout Tower
22:22 Scout Tower
22:24 Scout Tower
22:25 Scout Tower
22:27 Scout Tower
22:29 Scout Tower
22:53 Guard Tower
23:30 Guard Tower
24:21 Scout Tower
25:18 Scout Tower
27:07 Scout Tower
27:13 Guard Tower
27:55 Town Hall
28:58 Scout Tower
28:58 Scout Tower
28:58 Scout Tower
28:59 Scout Tower
28:59 Scout Tower
29:01 Scout Tower
29:01 Scout Tower
29:01 Scout Tower
29:02 Scout Tower
29:03 Scout Tower
29:04 Scout Tower
29:05 Scout Tower
29:06 Scout Tower
29:06 Scout Tower
29:07 Scout Tower
29:07 Scout Tower
29:08 Scout Tower
29:08 Scout Tower
29:09 Scout Tower
29:10 Scout Tower
29:11 Scout Tower
29:11 Scout Tower
29:12 Scout Tower
29:13 Scout Tower
29:13 Scout Tower
29:13 Scout Tower
29:14 Scout Tower
29:16 Scout Tower
29:17 Scout Tower
29:17 Scout Tower
29:17 Scout Tower
29:18 Scout Tower
29:34 Scout Tower
29:34 Scout Tower
29:34 Scout Tower
29:35 Scout Tower
29:35 Scout Tower
29:40 Scout Tower
29:40 Scout Tower
29:41 Scout Tower
29:41 Scout Tower
29:41 Scout Tower
30:08 Guard Tower
30:24 Guard Tower
30:38 Guard Tower
30:59 Guard Tower
32:16 Guard Tower
32:21 Guard Tower
32:24 Scout Tower
32:24 Scout Tower
32:26 Scout Tower
32:29 Scout Tower
32:31 Scout Tower
32:33 Scout Tower
34:40 Town Hall
35:00 Scout Tower
35:01 Scout Tower
35:03 Scout Tower
35:05 Scout Tower
35:07 Scout Tower
35:07 Scout Tower
35:09 Scout Tower
36:13 Guard Tower
36:41 Guard Tower
37:19 Gryphon Aviary
37:20 Gryphon Aviary
37:22 Gryphon Aviary
37:29 Gryphon Aviary
37:33 Gryphon Aviary
37:37 Gryphon Aviary
37:47 Gryphon Aviary
37:49 Gryphon Aviary
39:56 Guard Tower
51:07 Town Hall
52:49 Town Hall
60:56 Town Hall
66:09 Farm
66:10 Farm
70:27 Tree of Ages
73:58 Town Hall
75:13 Town Hall
75:53 Tree of Eternity
79:34 Town Hall
» items
| Scroll of Regeneration | 6 | |
| Boots of Speed | 1 | |
| Staff of Teleportation | 1 | |
| Potion of Invisibility | 2 | |
| Potion of Lesser Invulnerability | 1 | |
| Potion of Healing | 7 | |
| Potion of Mana | 3 | |
| Scroll of Town Portal | 6 | |
| Lesser Clarity Potion | 4 | |
| Healing Salve | 1 | |
32 total

»
criszczek (
purple | 84 APM | 3666 actions | 43:28)
6 Demon Hunter
3 Mana Burn
2 Evasion
1 Metamorphosis
4 Pandaren Brewmaster
2 Breath of Fire
2 Drunken Haze
» actions
| Assign group hotkey | 56 | |
| Basic commands | 46 | |
| Build / train | 114 | |
| ESC pressed | 1 | |
| Enter build submenu | 41 | |
| Enter hero's abilities submenu | 11 | |
| Give item / drop item | 8 | |
| Right click | 1221 | |
| Select / deselect | 455 | |
| Select group hotkey | 1510 | |
| Use ability | 203 | |
3666 total
» units
| Wisp | 44 | |
| Archer | 6 | |
| Hippogryph | 10 | |
| Goblin Shredder | 1 | |
| Chimaera | 8 | |
69 total
» upgrades
| Improved Bows | 1 | |
| Ultravision | 1 | |
| Well Spring | 1 | |
| Strength of the Wild | 2 | |
| Reinforced Hides | 2 | |
| Nature's Blessing | 1 | |
| Corrosive Breath | 1 | |
9 total
» buildings
| Altar of Elders | 2 | |
| Moon Well | 15 | |
| Ancient of War | 3 | |
| Tree of Ages | 3 | |
| Ancient of Wind | 4 | |
| Tree of Eternity | 2 | |
| Hunter's Hall | 2 | |
| Ancient of Wonders | 2 | |
| Chimaera Roost | 6 | |
| Tree of Life | 4 | |
| Ancient Protector | 2 | |
45 total
» build order
00:05 Altar of Elders
00:19 Moon Well
00:32 Ancient of War
01:30 Moon Well
02:41 Tree of Ages
03:18 Moon Well
04:51 Moon Well
06:04 Ancient of Wind
06:08 Ancient of Wind
07:17 Moon Well
08:11 Tree of Eternity
09:14 Hunter's Hall
09:49 Moon Well
10:03 Ancient of Wonders
11:30 Chimaera Roost
11:32 Chimaera Roost
12:14 Moon Well
13:59 Tree of Life
19:22 Tree of Life
23:11 Moon Well
24:06 Altar of Elders
25:06 Ancient of Wonders
25:32 Moon Well
27:38 Tree of Life
27:59 Tree of Ages
29:34 Hunter's Hall
30:29 Ancient of Wind
30:32 Ancient of Wind
30:59 Ancient of War
31:01 Ancient of War
32:14 Tree of Eternity
33:11 Tree of Life
33:40 Ancient Protector
33:43 Ancient Protector
34:39 Chimaera Roost
34:41 Chimaera Roost
34:43 Chimaera Roost
34:48 Moon Well
34:57 Moon Well
35:34 Chimaera Roost
35:37 Moon Well
35:40 Moon Well
35:43 Moon Well
37:51 Moon Well
» items
| Dust of Appearance | 4 | |
| Boots of Speed | 1 | |
| Staff of Teleportation | 2 | |
| Orb of Venom | 1 | |
| Lesser Clarity Potion | 4 | |
| Staff of Preservation | 1 | |
| Potion of Lesser Invulnerability | 4 | |
| Orb of Lightning | 1 | |
18 total
Chat log
(00:11 / Allies) Beefcurtains: hello guys
(00:15 / Allies) TheSunNeverSets: Howdy
(00:22 / Allies) criszczek: hippo chim
(00:32 / Allies) TheSunNeverSets: Mortahs maybe
(00:54 / Allies) thunderdome: griffs/hawks
(05:43 / Allies) TheSunNeverSets: I will harass them hardcore
(05:56 / All) lIIlllIIIIll: you're a nigger
(06:46 / Allies) TheSunNeverSets: I want bottom island oj
(06:53 / Allies) thunderdome: ok
(07:45 / All) lIIlllIIIIll: like what you see brah?
(08:23 / Allies) criszczek: wood?
(09:06 / All) IUsedToBeProoo: are you guys going heros only lol
(10:07 / All) oLaDiPo-: fuck off my expo
(10:51 / Allies) Beefcurtains: wod?
(11:22 / All) lIIlllIIIIll: cool heal bro
(13:10 / All) lIIlllIIIIll: TP
(13:44 / Allies) Beefcurtains: wood
(15:21 / Allies) Beefcurtains: red 4k
(16:09 / All) TheSunNeverSets: STOP MURDERING MY SLUTS
(16:23 / All) lIIlllIIIIll: they refuse to fuck me
(16:24 / Allies) thunderdome: red sucks huh
(16:28 / All) lIIlllIIIIll: fucking skanks
(16:29 / All) TheSunNeverSets: THEY'RE MY SLUTS
(17:36 / Allies) criszczek: tp al
(17:36 / Allies) Beefcurtains: t[ping
(18:43 / Allies) TheSunNeverSets: hex mad gay
(19:04 / Allies) criszczek: how can we loose this..
(19:12 / Allies) criszczek: wont save us
(19:19 / Allies) Beefcurtains: not over
(19:24 / Allies) Beefcurtains: get him
(19:27 / Allies) criszczek: use your fucking money
(20:18 / Allies) criszczek: tp
(21:03 / Allies) criszczek: need gold for rebuild pls
(22:08 / Allies) criszczek: expo up
(25:04 / Allies) TheSunNeverSets: I like you green
(25:05 / All) Beefcurtains: teal do something
(25:55 / All) Beefcurtains: youre pathetic blu
(26:33 / All) Beefcurtains: Lo
(26:39 / Allies) TheSunNeverSets: their whole team has to protect each other's building expos
(26:49 / All) TheSunNeverSets: stop it!
(26:51 / All) Beefcurtains: blu or teal is the most noob
(26:56 / All) Beefcurtains: or its pink
(27:01 / All) TheSunNeverSets: rat bastard
(27:29 / Allies) Beefcurtains: all ground oj
(27:51 / All) Beefcurtains: Lol
(28:09 / Allies) criszczek: altar
(29:52 / Allies) thunderdome: we owned this
(30:00 / All) Beefcurtains: new orcs
(31:06 / Allies) Beefcurtains: lol
(31:13 / Allies) Beefcurtains: tp soon
(31:18 / All) TheSunNeverSets: butthurt bastard pink
(31:24 / All) Beefcurtains: pink buy tp
(31:25 / All) Beefcurtains: for bm
(31:27 / Allies) TheSunNeverSets: oh
(31:29 / Allies) TheSunNeverSets: he was stuck lawl
(31:35 / All) lIIlllIIIIll: fuck you
(31:38 / All) Beefcurtains: LOL
(31:41 / Allies) TheSunNeverSets: killing shop was smart
(31:45 / All) Beefcurtains: can barely use a bm
(31:52 / All) lIIlllIIIIll: i kill you
(31:57 / All) Beefcurtains: lol
(32:02 / All) TheSunNeverSets: how much gold do you guys have combined
(32:35 / All) Beefcurtains: LO
(33:07 / All) Beefcurtains: :PO
(33:55 / All) Beefcurtains: LOL
(34:02 / All) IUsedToBeProoo: What
(34:16 / All) IUsedToBeProoo: they cant win guys dont worry
(34:20 / All) IUsedToBeProoo: i glitched the map
(34:25 / All) IUsedToBeProoo: Going AFK in a bit LOL
(34:33 / All) lIIlllIIIIll: FUCK YOU
(34:50 / All) IUsedToBeProoo: i tower glitched
(34:50 / All) lIIlllIIIIll: at least i murdered your sluts red
(34:54 / All) TheSunNeverSets: cool
(36:42 / Allies) thunderdome: gold
(36:53 / Allies) criszczek: woo
(36:53 / Allies) criszczek: d
(37:02 / Allies) thunderdome: more please
(38:37 / Allies) thunderdome: gold red
(39:40 / All) Beefcurtains: LOL
(39:45 / All) IUsedToBeProoo: NO
(39:48 / All) IUsedToBeProoo: Lol
(39:53 / All) IUsedToBeProoo: we still win
(40:07 / All) IUsedToBeProoo: i tower glitched like i said
(40:10 / All) IUsedToBeProoo: so suck my balls
(40:32 / 9) TheSunNeverSets: if you can hold out I might be able to bs them
(40:36 / All) IUsedToBeProoo: im going AFK in a bit. you can spend all night looking for me. my building is glitched
(41:14 / 8) IUsedToBeProoo: ping it
(41:18 / 8) IUsedToBeProoo: err
(41:22 / 8) IUsedToBeProoo: i like the sound of that lol
(41:27 / All) IUsedToBeProoo: actually
(41:35 / Allies) thunderdome: spam the map with coptors red
(41:40 / 9) TheSunNeverSets: he has 17 gold
(41:51 / 9) TheSunNeverSets: welp
(42:12 / 9) TheSunNeverSets: hide more!!!!!!
(42:32 / All) IUsedToBeProoo: lol
(42:36 / All) IUsedToBeProoo: wait why isnt the game over?
(42:38 / 9) TheSunNeverSets: keep hiding
(42:39 / All) IUsedToBeProoo: OH WAIT LOOOOOOL
(42:49 / All) kingsolom: wow
(42:50 / All) IUsedToBeProoo: i give it an hour before you guys believe me
(42:55 / All) IUsedToBeProoo: that i glitched
(42:59 / All) kingsolom: thats fucked i even thought that was last one lol
(43:05 / All) lIIlllIIIIll: holy shit
(43:07 / All) IUsedToBeProoo: you cant target the tower. it's invisible
(43:07 / All) kingsolom: now im gonna stick around
(43:15 / All) lIIlllIIIIll: wtf is going on
(43:16 / All) IUsedToBeProoo: and has no hitbox
(43:25 / All) criszczek: if thats the way you need to win, it may be so
(44:10 / All) lIIlllIIIIll: how the fuck
(44:15 / All) lIIlllIIIIll: are we still alive
(44:19 / All) lIIlllIIIIll: wtf did you do blue
(44:23 / All) IUsedToBeProoo: MVP! MVP!
(44:33 / All) IUsedToBeProoo: leave red you turd
(44:42 / All) kingsolom: reds a turd
(44:43 / All) IUsedToBeProoo: i have 40 hours before i have to move my computer
(44:52 / All) kingsolom: lmfao thats almost as good as whats going on here
(45:38 / All) lIIlllIIIIll: lol
(46:29 / All) TheSunNeverSets: Damn it
(46:35 / All) TheSunNeverSets: Well there goes a Mexican Standoff
(46:39 / All) kingsolom: lol
(46:47 / All) lIIlllIIIIll: why is it always mexican
(46:54 / All) kingsolom: crazy shit all game i called blue noob
(47:05 / All) lIIlllIIIIll: he's a good hacker
(47:11 / All) IUsedToBeProoo: exploiter*
(47:14 / All) IUsedToBeProoo: it's not a hack
(47:22 / All) IUsedToBeProoo: blizzard wont fix it because they dont give a shit about WC3 anymore
(47:23 / All) lIIlllIIIIll: is it legal?
(47:41 / All) lIIlllIIIIll: where can i get it?
(47:55 / All) lIIlllIIIIll: i wanna bs my team
(47:59 / All) lIIlllIIIIll: and then pull this to troll everyhone
(48:03 / All) lIIlllIIIIll: so EVERYONE loses
(48:13 / All) IUsedToBeProoo: that's why i didnt really do shit all game
(48:40 / All) kingsolom: red u kinda had this coming u and ur gay ass bm
(48:41 / All) TheSunNeverSets: so why did they leave because they saw a building they couldn't attack?
(48:48 / All) TheSunNeverSets: I don't really care lol
(48:48 / 9) TheSunNeverSets: .stats
(48:50 / All) kingsolom: fucking burning my shit
(48:52 / All) IUsedToBeProoo: You've never seen this glitch before red?
(48:53 / All) kingsolom: lol
(48:56 / All) TheSunNeverSets: nope
(49:00 / All) TheSunNeverSets: Where is it then
(49:18 / All) lIIlllIIIIll: where's what?
(49:24 / All) TheSunNeverSets: If there's a real glitch
(49:30 / All) TheSunNeverSets: I will do like red he would
(49:33 / All) IUsedToBeProoo: just watch the replay
(49:35 / All) IUsedToBeProoo: if you want to see how it's done
(50:04 / All) TheSunNeverSets: I've been playing since 2002 I've not seen anything like this if it's a real glitch
(50:11 / All) TheSunNeverSets: I think you guys are making it up tho
(50:15 / All) TheSunNeverSets: since he was hiding shit
(50:17 / All) kingsolom: lol neither have i bud
(50:19 / All) TheSunNeverSets: like that burrow top right
(50:23 / All) lIIlllIIIIll: dude
(50:28 / All) lIIlllIIIIll: does this look like a trick to you?
(50:34 / All) lIIlllIIIIll: why do you think we're sticking around?
(50:40 / All) lIIlllIIIIll: cause this is fucking crazy shit
(50:44 / All) TheSunNeverSets: What is it
(50:46 / All) kingsolom: only thing u can hide is wit elf dude
(50:47 / All) TheSunNeverSets: then
(50:55 / All) lIIlllIIIIll: i wouldn't stick around 20 minutes after the game to wait for you to find his burrows
(50:56 / All) IUsedToBeProoo: Watch the replay. you just mass towers and glitch one
(51:09 / All) lIIlllIIIIll: i would only stick around for soemthing like this
(51:19 / All) kingsolom: cuz its a 100% win
(51:23 / All) TheSunNeverSets: how was it glitched
(51:37 / All) lIIlllIIIIll: we don't even know
(51:38 / All) IUsedToBeProoo: fairy dust
(51:39 / All) lIIlllIIIIll: he won't tell us
(51:48 / All) lIIlllIIIIll: we're trying to get him to tell us
(51:53 / All) lIIlllIIIIll: but he's being a nigger
(52:18 / All) TheSunNeverSets: I was hoping my allies could have stayed tho
(52:18 / All) lIIlllIIIIll: you'
(52:22 / All) lIIlllIIIIll: you've been playing since 2002?
(52:24 / All) TheSunNeverSets: So I could leave with a mexican standoff
(52:27 / All) TheSunNeverSets: yeah
(52:30 / All) kingsolom: going to smoke
(52:31 / All) lIIlllIIIIll: wow
(52:33 / All) kingsolom: be back
(52:34 / All) IUsedToBeProoo: going to make some food
(52:36 / All) TheSunNeverSets: dec 2002
(52:37 / All) lIIlllIIIIll: crazy long
(52:38 / All) IUsedToBeProoo: be back 20-30 min
(52:43 / All) IUsedToBeProoo: Wait, when did RoC come out?
(52:48 / All) lIIlllIIIIll: july '02
(52:49 / All) IUsedToBeProoo: I bought RoC the week it came out
(52:53 / All) IUsedToBeProoo: so HA I win!
(52:57 / All) TheSunNeverSets: summer 02 is when roc came out
(52:59 / All) lIIlllIIIIll: actually
(53:00 / All) lIIlllIIIIll: shit
(53:02 / All) TheSunNeverSets: I got tft when it came out in summer 03
(53:03 / All) lIIlllIIIIll: i started in '03
(53:03 / All) IUsedToBeProoo: I was a huge WC2 fan so i bought WC3 right away
(53:06 / All) lIIlllIIIIll: fuck
(53:15 / All) IUsedToBeProoo: tides of blood ruled
(53:27 / All) lIIlllIIIIll: alright fuck this
(53:36 / All) lIIlllIIIIll: gonna go jerk off to some redtube
(54:07 / All) TheSunNeverSets: This was a fun game
(54:21 / All) kingsolom: not really fun at all
(54:24 / All) kingsolom: ur annoying red
(54:28 / All) TheSunNeverSets: heh
(54:42 / All) kingsolom: but now im going to smoke since there gone
(54:45 / All) TheSunNeverSets: were you guys frantically pinging when my BM hit?
(56:00 / All) TheSunNeverSets: oh lol
(56:04 / All) lIIlllIIIIll: aw fuck
(56:06 / All) IUsedToBeProoo: UH
(56:08 / All) IUsedToBeProoo: NOTHING TO SEE HERE
(56:08 / All) TheSunNeverSets: I saw it right before the griffs hit
(56:11 / All) TheSunNeverSets: LOL
(56:13 / All) TheSunNeverSets: I was fooled
(56:13 / All) IUsedToBeProoo: SAW WHAT
(56:15 / All) IUsedToBeProoo: HUH
(56:17 / All) IUsedToBeProoo: GAME IS GLITCHED BRO
(56:18 / All) IUsedToBeProoo: LEAVE
(56:19 / All) TheSunNeverSets: I was bamdoozled!
(56:19 / All) IUsedToBeProoo: NAO.
(56:24 / All) lIIlllIIIIll: yo man
(56:28 / All) TheSunNeverSets: I've done this myself
(56:29 / All) IUsedToBeProoo: well shit. At least that cunt green got what was coming
(56:29 / All) TheSunNeverSets: What an ass
(56:32 / All) lIIlllIIIIll: blue deserves a win for that
(56:41 / All) IUsedToBeProoo: and we wasted your team's time
(56:43 / All) TheSunNeverSets: Well I was like 60% fooled
(56:51 / All) IUsedToBeProoo: We win no matter what the record says!
(56:54 / All) lIIlllIIIIll: wait
(56:57 / All) TheSunNeverSets: Since I was patrolling about 80% of the map and hadn't t urned up anything
(57:03 / All) lIIlllIIIIll: did you see it on the minimap?
(57:05 / All) TheSunNeverSets: yeah
(57:12 / All) TheSunNeverSets: I started revealing then I saw the blue blip
(57:13 / All) lIIlllIIIIll: when did you think of that?
(57:21 / All) TheSunNeverSets: I smiled knowingly
(57:23 / All) TheSunNeverSets: oh
(57:25 / All) TheSunNeverSets: When
(57:26 / All) IUsedToBeProoo: Yeah
(57:30 / All) IUsedToBeProoo: If there were more buildings
(57:30 / All) TheSunNeverSets: when I saw the blip
(57:34 / All) IUsedToBeProoo: there wouldnt be a blip at all
(57:42 / All) IUsedToBeProoo: but unfortunetely that's the only spot not guarded with towers or units
(57:46 / All) TheSunNeverSets: or if it was orange/blue
(57:46 / All) IUsedToBeProoo: and it had to be an orc base
(57:50 / All) IUsedToBeProoo: fucking green was tower crazy
(58:00 / All) TheSunNeverSets: *orange/yellow
(58:01 / All) kingsolom: so red since hes crazy good give us the win
(58:02 / All) TheSunNeverSets: I am t ired lawl
(58:04 / All) kingsolom: lol
(58:08 / All) TheSunNeverSets: I'll consider it
(58:22 / All) kingsolom: common he deserves it after that
(58:29 / All) kingsolom: that was a killer glitch lol
(58:29 / All) TheSunNeverSets: Orange is over 50% he deserves a loss maybe
(58:35 / All) IUsedToBeProoo: Yeah
(58:37 / All) IUsedToBeProoo: your team were turds
(58:40 / All) IUsedToBeProoo: give them the loss
(58:48 / All) TheSunNeverSets: plus purple was in despair when he lost his base thinking wel ost
(58:52 / All) IUsedToBeProoo: Dont think about us or yourself, just think about how douchy green was
(58:57 / All) kingsolom: anyone at in here?
(59:00 / All) TheSunNeverSets: I like green
(59:03 / All) TheSunNeverSets: He's a swell fella
(59:05 / All) IUsedToBeProoo: Purple*
(59:07 / All) IUsedToBeProoo: that was a typo
(59:15 / All) IUsedToBeProoo: the keys are near each other
(59:18 / All) TheSunNeverSets: I'm getting 100 food of dragons
(59:25 / All) TheSunNeverSets: then I will consider whether oyu shall win
(59:31 / All) IUsedToBeProoo: -_- im going to make food then. be back in 20 lol
(59:38 / All) TheSunNeverSets: you should hope I drop
(59:41 / All) TheSunNeverSets: I have unstable internet
(59:50 / All) kingsolom: going to smoke hope it says victory when i come back clan eden guys if anyone wants to at
(63:45 / All) TheSunNeverSets: In all honesty you do deserve some kind of reward for doing that so I could kill my team
(64:25 / All) kingsolom: well pCe evryone
(64:31 / All) kingsolom: i wanna play another game
(64:44 / All) TheSunNeverSets: I have 4 dragons already
(66:37 / All) TheSunNeverSets: My team didn't give me any rage
(66:40 / All) TheSunNeverSets: Disheartening
(68:02 / All) TheSunNeverSets: dragons have huge splash range
(76:31 / All) TheSunNeverSets: I have assembled the finest army to ever grace a legitimate random team game
(79:57 / All) lIIlllIIIIll: wtf
(80:00 / All) lIIlllIIIIll: i just jerked off
(80:10 / All) lIIlllIIIIll: and still stalemate?
(80:24 / All) lIIlllIIIIll: missy stone is fucking hot
(80:25 / All) TheSunNeverSets: stalemate?
(80:36 / All) TheSunNeverSets: There's better black bitches
(81:12 / All) lIIlllIIIIll: all about those white honeys
(81:18 / All) IUsedToBeProoo: ok WTF
(81:22 / All) IUsedToBeProoo: How is this still going
(81:26 / All) lIIlllIIIIll: i dunno
(81:30 / All) lIIlllIIIIll: i just blew my load
(81:33 / All) lIIlllIIIIll: and checked this
(81:48 / All) lIIlllIIIIll: i have no idea what red is doing
(81:52 / All) lIIlllIIIIll: cause i can't see shit
(82:32 / All) TheSunNeverSets: Marry Queen is pretty good
(83:42 / All) IUsedToBeProoo: At least kill the other building
(83:45 / All) IUsedToBeProoo: ffs
(85:17 / All) TheSunNeverSets: 6 dragons so far
(85:58 / All) IUsedToBeProoo: fuck this lol. at least your teammates wont get a win
(86:00 / All) IUsedToBeProoo: at most they can get a tie
(86:09 / All) IUsedToBeProoo: Pink can wait it out if he wants
(86:16 / All) IUsedToBeProoo: gg
(86:33 / All) TheSunNeverSets: stick around
(86:47 / All) TheSunNeverSets: I'll add one more dragon then give you guys the win
(87:07 / All) IUsedToBeProoo: Lies
(87:18 / All) IUsedToBeProoo: i already know you're going to dragon swarm the fuck out of that burrow
(87:33 / All) lIIlllIIIIll: how long is the cd on dragons?
(87:41 / All) TheSunNeverSets: too long as far as I'm concerned
(88:01 / All) lIIlllIIIIll: i feel like i could blow a load every time you get a dragon
(88:05 / All) IUsedToBeProoo: I dont know why the CD is so long
(88:10 / All) TheSunNeverSets: Maybe
(88:15 / All) IUsedToBeProoo: Dragons suck for their cost/food
(88:16 / All) TheSunNeverSets: They are imba as fuck
(88:21 / All) IUsedToBeProoo: no they arent
(88:25 / All) TheSunNeverSets: splash damage, magic immune
(88:26 / All) IUsedToBeProoo: dick lol
(88:27 / All) IUsedToBeProoo: gg
(88:28 / All) lIIlllIIIIll: wow